Map: Tokamak LE

Players

KimChiLoVer - Winner!

  • Race: Terran Terran
  • Spawn Location: 7:00

A.I. 1 (Elite)

  • Race: Terran Terran
  • Spawn Location: 1:00

VOD

Have the link to the VOD?

Description

Time

  • Played on: Aug. 6, 2025, 8:32 p.m.
  • Length: 14:34
Show
View Real Time Build Order
Export as new Build Order

KimChiLoVer Terran - Winner!

Build Orders: Reaper Expand 

Get SALT Encoding   

  12  0:00  SCV  
  13  0:12  SCV  
  14  0:17  Supply Depot  
  14  0:25  SCV  
  15  0:38  SCV  
  15  0:40  Barracks  
  16  0:46  Refinery  
  16  0:50  SCV  
  17  1:03  SCV  
  18  1:15  SCV  
  19  1:28  Orbital Command  
  19  1:29  Reaper  
  20  1:39  Command Center  
  20  1:50  Supply Depot  
  20  1:55  SCV  
  21  2:06  Factory  
  21  2:07  Marine  
  22  2:12  Refinery, SCV  
  23  2:24  SCV  
  24  2:30  Barracks Reactor  
  24  2:36  SCV  
  25  2:48  SCV  
  25  2:50  Factory Reactor  
  26  2:52  Barracks x2  
  26  2:57  Factory Tech Lab  
  26  3:01  SCV  
  27  3:09  Supply Depot  
  27  3:10  Orbital Command  
  27  3:11  Marine  
  28  3:13  SCV, Marine  
  29  3:25  SCV  
  30  3:30  Starport  
  30  3:32  Marine x2  
  32  3:37  SCV  
  32  3:40  SCV  
  34  3:46  Factory Reactor  
  34  3:48  Marine x2  
  34  3:49  SCV  
  34  3:50  Stimpack, Marine x2  
  39  3:57  SCV  
  39  4:01  SCV, Supply Depot  
  41  4:06  Engineering Bay  
  41  4:09  SCV  
  42  4:13  Engineering Bay  
  42  4:14  SCV  
  43  4:17  Marine, Supply Depot  
  43  4:20  Barracks Reactor  
  43  4:21  SCV  
  45  4:29  SCV  
  46  4:33  Terran Infantry Weapons Level 1  
  46  4:34  SCV  
  46  4:36  Supply Depot  
  47  4:44  Command Center  
  47  4:46  SCV  
  47  4:48  Marine x2  
  47  4:50  Medivac  
  52  4:53  Medivac  
  52  4:55  SCV  
  52  4:58  Terran Infantry Armor Level 1  
  52  4:59  Marine x2  
  56  5:02  SCV  
  58  5:07  SCV  
  58  5:11  Marine x3  
  62  5:14  SCV  
  62  5:17  Marine  
  62  5:18  Supply Depot  
  62  5:19  SCV  
  62  5:20  Marine, Supply Depot  
  66  5:22  Factory Tech Lab  
  66  5:28  Marine x2  
  66  5:31  Refinery  
  66  5:33  Refinery  
  66  5:34  Combat Shield, Marine x2  
  70  5:39  Marine  
  71  5:46  Marine x2  
  71  5:47  Barracks  
  71  5:48  SCV x2  
  71  5:49  Barracks  
  75  5:57  Orbital Command  
  75  5:58  Medivac  
  75  5:59  Medivac  
  75  6:00  SCV  
  80  6:06  SCV, Supply Depot  
  80  6:10  Marine x3  
  84  6:12  SCV  
  84  6:15  Marine x2  
  84  6:18  SCV  
  83  6:28  Marine x3  
  82  6:33  Marine x3  
  82  6:37  Medivac x2  
  89  6:40  Barracks Tech Lab  
  89  6:43  Supply Depot  
  89  6:44  Supply Depot  
  89  6:45  Armory  
  89  6:46  Marine x3  
  92  6:51  Marauder, Marine  
  92  6:52  Barracks Tech Lab  
  92  6:53  Orbital Command  
  95  6:56  Siege Tank  
  98  7:02  Supply Depot  
  98  7:03  SCV x2, Supply Depot  
  98  7:04  Marine x2  
  102  7:13  Marauder  
  104  7:25  Supply Depot  
  104  7:26  Supply Depot  
  104  7:30  SCV x3  
  104  7:31  Refinery  
  107  7:42  SCV x3  
  110  7:50  Marine x5  
  110  7:51  Marine x2  
  117  7:54  SCV x3  
  118  8:06  SCV  
  118  8:08  Marine x4  
  118  8:09  Marauder x3, Siege Tank  
  118  8:11  Medivac x2  
  134  8:26  Marine x4  
  129  8:30  Marine x3  
  128  8:38  SCV  
  128  8:41  Concussive Shells, Siege Tank, Medivac x2  
  122  8:43  Marine  
  122  8:44  Marine x3  
  122  8:48  Marauder x3  
  134  8:50  SCV  
  135  9:01  Marine x3  
  135  9:02  SCV, Marine  
  139  9:07  Terran Infantry Armor Level 2, Terran Infantry Weapons Level 2  
  139  9:08  Supply Depot x2  
  139  9:09  Marauder x2, Marine  
  145  9:13  Siege Tank  
  145  9:14  Command Center, Supply Depot x3  
  148  9:19  Marine x3  
  148  9:23  Marine  
  138  9:27  Marine  
  138  9:30  Marine x2, Supply Depot  
  141  9:37  Marine x3  
  144  9:41  Marine  
  144  9:45  Marine  
  146  9:48  Marine x2  
  147  9:55  Marine x3  
  147  9:59  Marine  
  151  10:00  Siege Tank, Medivac x2  
  151  10:01  Barracks  
  151  10:02  Marine  
  151  10:04  Barracks, Supply Depot  
  151  10:06  Marine x2  
  161  10:08  Supply Depot  
  161  10:10  Barracks, Refinery  
  161  10:12  Command Center  
  161  10:13  Marine x3  
  164  10:17  Marine  
  164  10:20  Marine  
  166  10:24  Marine x2  
  166  10:27  Orbital Command  
  168  10:30  Marine x2, Medivac x2  
  168  10:31  Marine  
  168  10:32  Siege Tank  
  168  10:34  Marine  
  179  10:35  Supply Depot  
  179  10:40  Marine  
  179  10:41  Marine  
  179  10:42  Marine  
  182  10:44  Terran Vehicle And Ship Armor Level 1  
  182  10:48  Marine  
  183  11:00  Medivac x2  
  187  11:07  Orbital Command  
  187  11:14  Marine  
  187  11:15  Marine x4  
  187  11:17  Barracks Tech Lab x2  
  192  11:19  Widow Mine  
  192  11:20  Marine x3  
  197  11:32  Marine x3  
Show
View Real Time Build Order
Export as new Build Order

A.I. 1 (Elite) Terran 

Build Orders:  

Get SALT Encoding   

  12  0:00  SCV  
  13  0:13  SCV  
  14  0:18  Supply Depot  
  14  0:25  SCV  
  15  0:39  SCV  
  16  0:44  Barracks  
  16  0:52  SCV  
  17  1:04  SCV  
  18  1:16  SCV  
  18  1:17  Supply Depot  
  19  1:21  Refinery  
  19  1:28  SCV  
  19  1:30  Marine  
  21  1:40  SCV  
  22  1:48  Marine  
  22  1:51  Barracks  
  22  1:52  SCV  
  24  1:54  Refinery  
  24  2:02  Supply Depot  
  24  2:04  SCV  
  24  2:06  Marine  
  26  2:16  SCV  
  27  2:24  Marine  
  27  2:25  Factory  
  27  2:28  SCV  
  29  2:38  Marine  
  29  2:41  SCV  
  29  2:42  Marine  
  32  2:53  SCV  
  32  2:55  Marine  
  34  2:59  Marine  
  34  3:05  SCV  
  36  3:07  Barracks  
  36  3:13  Marine  
  36  3:17  SCV  
  36  3:18  Barracks Tech Lab  
  38  3:29  SCV, Starport  
  38  3:31  Supply Depot  
  38  3:32  Barracks Tech Lab  
  39  3:35  Factory Tech Lab  
  39  3:52  Marine  
  39  3:53  SCV  
  39  3:54  Marine  
  42  4:00  Stimpack  
  42  4:05  SCV  
  42  4:06  Combat Shield  
  43  4:17  SCV  
  44  4:29  SCV  
  45  4:40  Supply Depot  
  45  4:41  SCV  
  46  4:53  SCV  
  47  5:01  Marauder, Siege Tank, Marine, Barracks Reactor  
  47  5:03  Barracks, Starport Reactor  
  47  5:04  Supply Depot  
  47  5:05  SCV  
  54  5:11  Engineering Bay, Command Center  
  54  5:26  Marauder  
  56  5:35  Marauder  
  58  5:38  Terran Infantry Weapons Level 1  
  58  5:42  Supply Depot  
  58  5:48  Marauder  
  60  5:56  Marauder  
  62  6:08  Engineering Bay  
  62  6:09  Marine, Marauder  
  65  6:16  Supply Depot  
  65  6:19  Marauder, Marine  
  62  6:30  Marauder  
  62  6:32  SCV  
  61  6:41  SCV  
  61  6:44  SCV  
  63  6:53  SCV  
  64  6:57  SCV  
  65  7:05  SCV  
  66  7:09  SCV  
  67  7:17  SCV  
  67  7:21  SCV  
  69  7:27  Concussive Shells  
  69  7:28  Marauder, Siege Tank  
  69  7:29  SCV, Missile Turret  
  75  7:33  SCV  
  76  7:41  SCV  
  76  7:44  Command Center  
  77  7:51  Orbital Command  
  58  7:58  SCV  
  57  8:09  Marine  
  57  8:10  SCV, Marine  
  57  8:17  SCV  
  58  8:22  SCV  
  59  8:29  SCV  
  47  8:34  SCV  
  47  8:41  SCV  
  47  8:46  SCV  
  49  8:53  SCV, Marine  
  51  8:58  SCV  
  51  9:00  SCV  
  53  9:05  SCV  
  54  9:11  Marine  
  54  9:13  SCV  
  54  9:16  SCV  
  57  9:18  SCV  
  57  9:23  Marine  
  59  9:25  SCV  
  59  9:30  SCV  
  61  9:31  SCV  
  61  9:37  SCV  
  61  9:42  SCV  
  61  9:43  Marine  
  62  9:48  Marine  
  32  10:06  Marine  
  19  10:46  Command Center  
  17  11:12  Supply Depot  
Tags
 
Matchup
TvT
Race
Terran
Spawn Locations
Cross Positions
Add a new tag
Caveats
  • Supply blocks, unpowered buildings, or Contaminate may cause inaccurate times.
  • Supply counts are checked every 10 seconds.